 Dungeon Crawl Stone Soup version 0.25.1-8-g42b30a86e7 (webtiles) character file.

Game seed: 9832141517091868045

20170 Erymatos the Severer (level 12, 0/160 HPs)
             Began as a Minotaur Berserker on Dec 3, 2020.
             Was an Elder of Trog.
             Killed from afar by Jorgrun (7 damage)
             ... with an iron shot
             ... on level 12 of the Dungeon.
             The game lasted 00:22:31 (11374 turns).

Erymatos the Severer (Minotaur Berserker)          Turns: 11374, Time: 00:22:32

Health: 0/160      AC: 24    Str: 28    XL:     12   Next: 43%
Magic:  11/11      EV:  3    Int:  4    God:    Trog [****..]
Gold:   190        SH:  0    Dex: 15    Spells: 11/11 levels left

rFire    x . .     SeeInvis .   D - +4 war axe (flame)
rCold    + . .     Gourm    .   n - +0 kite shield
rNeg     + + .     Faith    .   M - +5 chain mail of Maomn {rC+}
rPois    .         Spirit   .   (helmet restricted)
rElec    .         Reflect  .   (no cloak)
rCorr    .         Harm     .   N - +2 pair of gloves of Dishonesty {rF- rN++}
MR       .....                  (no boots)
Stlth    ..........             (no amulet)
HPRegen  0.36/turn              e - +6 ring of dexterity
MPRegen  0.12/turn              t - +4 ring of protection

@: berserking, petrifying, marked, grasped by roots, constricted
A: retaliatory headbutt, horns 2
a: Berserk, Trog's Hand, Brothers in Arms, Renounce Religion


You were on level 12 of the Dungeon.
You worshipped Trog.
Trog was greatly pleased with you.
You were very hungry.

You visited 1 branch of the dungeon, and saw 12 of its levels.

You collected 760 gold pieces.
You spent 570 gold pieces at shops.

Inventory:

Hand Weapons
 a - a +1 hand axe
 D - a +4 war axe of flaming (weapon)
 P - the +2 mace of Julaeczi {holy, rF- Dex+6}
   (You found it on level 11 of the Dungeon)

   It has been blessed by the Shining One to cause great damage to the undead
   and demons.
   It affects your dexterity (+6).
   It makes you vulnerable to fire.
Armour
 b - a +0 animal skin
 d - a +0 ring mail
 n - a +0 kite shield (worn)
 C - a +0 chain mail
 E - a +0 pair of gloves
 M - the +5 chain mail of Maomn (worn) {rC+}
   (You bought it in a shop on level 10 of the Dungeon)

   It protects you from cold.
 N - the +2 pair of gloves of Dishonesty (worn) {rF- rN++}
   (You bought it in a shop on level 10 of the Dungeon)

   It makes you vulnerable to fire.
   It greatly protects you from negative energy.
Jewellery
 e - a +6 ring of dexterity (left hand)
 t - a +4 ring of protection (right hand)
 v - an uncursed ring of positive energy
 y - an uncursed ring of protection from cold
 J - an uncursed ring of protection from cold
Wands
 m - a wand of iceblast (8)
 G - a wand of polymorph (8)
 O - a wand of random effects (16)
 Q - a wand of acid (8)
 R - a wand of clouds (1)
Scrolls
 f - 5 scrolls of identify
 h - a scroll of enchant armour {unknown}
 j - 3 scrolls of fear {unknown}
 k - 2 scrolls of noise {unknown}
 l - a scroll of fog {unknown}
 o - 4 scrolls of teleportation {unknown}
 p - 5 scrolls of remove curse
 r - 8 scrolls of enchant weapon
 z - 2 scrolls of blinking {unknown}
 B - a scroll of random uselessness {unknown}
 F - a scroll of magic mapping {unknown}
 K - a scroll of amnesia {unknown}
Potions
 g - 3 potions of stabbing {unknown}
 i - 4 potions of degeneration {unknown}
 q - 9 potions of curing
 s - 4 potions of heal wounds {unknown}
 u - 2 potions of invisibility {unknown}
 w - 3 potions of flight {unknown}
 x - 2 potions of magic {unknown}
 A - a potion of haste {unknown}
 H - 2 potions of mutation {unknown}
 I - 3 potions of cancellation {unknown}
 L - a potion of might {unknown}
Comestibles
 c - 21 rations
 S - 2 chunks of flesh


   Skills:
 + Level 10.4 Fighting
 + Level 15.3 Axes
 + Level 11.7 Armour
 + Level 5.4 Dodging
 - Level 1.9 Stealth
 + Level 10.1 Shields


You had 11 spell levels left.
You didn't know any spells.
Your spell library was empty.

Dungeon Overview and Level Annotations

Branches:
Dungeon (12/15)            Temple (0/1) D:6            Lair (0/6) D:8
    Orc (0/2) D:11

Altars:
Ashenzari
Cheibriados
Hepliaklqana
Makhleb
Nemelex Xobeh
Qazlal
Zin

Shops:
D:6 [   D:10 [

Portals:
Trove: D:11 (give 7 scrolls of blinking)

Annotations:
D:12 Jorgrun


Innate Abilities, Weirdness & Mutations

You reflexively headbutt those who attack you in melee.
You have a pair of horns on your head.


Message History

The grasping roots constrict you.
Your chain mail of Maomn prevents you from hitting Jorgrun.
Jorgrun is almost dead.
The orc wizard closely misses your polar bear.
Unknown command.
You closely miss Jorgrun.
Jorgrun is almost dead.
You slash the orc! You burn the orc.
You kill the orc!
Trog accepts your kill.
You slash the orc! You burn the orc.
You kill the orc!
Trog accepts your kill.
Your polar bear bites the orc wizard!!
The orc wizard dies!
Trog accepts your kill.
Trog appreciates your killing of a magic user.
Jorgrun gestures at you while chanting. The iron shot hits you!
You die...

........... .....
............... #....#
##...............
#...o.##..o.............
....#.#o)..............#
........h............###
...#...)............#.##
#......))..............#
#....g@)..............#
#...$................##
#.......†##........#.#
#.#####)..#........### #
##)....####..#
#.)††..#.#...#
###..........##
##.............#
#........#.......#


You could see Jorgrun, an orc wizard, 2 orcs and a friendly polar bear
(summoned, berserk).

Vanquished Creatures
  Snorg (D:11)
  Fannar (D:10)
  A vault guard (D:11)
  2 two-headed ogres
  2 hydras (D:12)
  Erica (D:11)
  Urug (D:10)
  An unseen horror (D:12)
  A deep elf mage (D:11)
  An ugly thing (D:8)
  The ghost of kthxbai the Jinx, a novice SpEn of Kikubaaqudgha (D:8)
  Maurice (D:12)
  Maggie (D:9)
  A gargoyle (D:12)
  3 kobold demonologists (D:11)
  4 trolls
  3 slime creatures (D:12)
  A hippogriff (D:9)
  A spriggan (D:7)
  A wyvern (D:12)
  14 yaks
  A hungry ghost (D:10)
  Menkaure (D:6)
  A water moccasin (D:5)
  Duvessa (D:7)
  2 black bears
  An orc warrior (D:12)
  5 phantoms
  3 ice beasts
  An eye of draining (D:12)
  3 sky beasts
  6 ogres
  9 centaurs
  A crocodile (D:11)
  4 big kobolds
  7 bullfrogs
  A hornet simulacrum (D:8)
  A water moccasin skeleton (D:10)
  Dowan (D:7)
  6 wights
  An electric eel (D:7)
  5 howler monkeys
  2 crimson imps
  2 centaur zombies
  6 hounds
  9 orc wizards
  2 jellies
  5 centaur skeletons
  5 bullfrog skeletons
  An orc priest (D:11)
  3 iguanas
  6 worker ants
  A hound zombie (D:11)
  A worker ant zombie (D:11)
  9 gnolls
  A howler monkey zombie (D:5)
  16 adders
  5 shadow imps
  An ooze (D:3)
  An adder zombie (D:6)
  2 worms (D:2)
  3 dart slugs
  4 leopard geckos
  27 orcs
  6 bats
  4 giant cockroaches
  6 goblins
  2 hobgoblins
  3 jackals (D:9)
  5 quokkas
  2 ball pythons
  5 frilled lizards
  A jackal skeleton (D:7)
  A jackal zombie (D:6)
  14 kobolds
  11 rats
276 creatures vanquished.

Vanquished Creatures (collateral kills)
  Sonja (D:11)
  A gargoyle (D:12)
  A slime creature (D:12)
  A hornet (D:11)
  A shadow (D:12)
  An orc warrior (D:11)
  2 bullfrogs (D:12)
  A crimson imp (D:10)
  A bullfrog zombie (D:10)
  An orc priest (D:12)
  An orc wizard (D:12)
  A worker ant (D:12)
  A shadow imp (D:12)
  2 orcs (D:12)
16 creatures vanquished.

Vanquished Creatures (others)
  An orc (D:9)
1 creature vanquished.

Grand Total: 293 creatures vanquished

Notes
Turn   | Place    | Note
-------+----------+-------------------------------------------
     0 | D:1      | Erymatos the Minotaur Berserker began the quest for the
                  | Orb.
     0 | D:1      | Reached XP level 1. HP: 19/19 MP: 0/0
   274 | D:1      | Reached XP level 2. HP: 20/27 MP: 1/1
   350 | D:1      | Reached skill level 4 in Axes
   367 | D:1      | Found a sparkling altar of Nemelex Xobeh.
  1007 | D:2      | Reached ** piety under Trog
  1011 | D:2      | Reached XP level 3. HP: 33/33 MP: 2/2
  1570 | D:2      | Reached XP level 4. HP: 41/41 MP: 3/3
  1571 | D:2      | Found a burning altar of Makhleb.
  1935 | D:3      | Reached skill level 5 in Axes
  2363 | D:3      | Reached *** piety under Trog
  2649 | D:4      | Reached XP level 5. HP: 40/47 MP: 4/4
  2768 | D:4      | Noticed an ogre
  2776 | D:4      | Killed an ogre
  2776 | D:4      | Reached skill level 1 in Shields
  3002 | D:4      | Reached skill level 6 in Axes
  3002 | D:4      | Reached XP level 6. HP: 40/55 MP: 5/5
  3502 | D:4      | Reached skill level 5 in Fighting
  3571 | D:5      | Entered Level 5 of the Dungeon
  3687 | D:5      | Found a snail-covered altar of Cheibriados.
  3687 | D:5      | Found a glowing silver altar of Zin.
  3814 | D:5      | Reached XP level 7. HP: 56/61 MP: 6/6
  3924 | D:5      | Reached skill level 7 in Axes
  4044 | D:5      | Reached skill level 5 in Armour
  4502 | D:6      | Reached XP level 8. HP: 69/69 MP: 7/7
  4584 | D:6      | Reached skill level 8 in Axes
  4876 | D:6      | Noticed Menkaure
  4885 | D:6      | Killed Menkaure
  4885 | D:6      | Reached skill level 5 in Shields
  5069 | D:6      | Found Diodwoha's Armour Shoppe.
  5176 | D:6      | Found a staircase to the Ecumenical Temple.
  5365 | D:6      | Reached **** piety under Trog
  5732 | D:7      | Reached skill level 9 in Axes
  6154 | D:7      | Noticed Duvessa
  6155 | D:7      | Noticed Dowan
  6165 | D:7      | Killed Dowan
  6178 | D:7      | Killed Duvessa
  6178 | D:7      | Reached XP level 9. HP: 71/78 MP: 8/8
  6796 | D:8      | Found a staircase to the Lair.
  6879 | D:8      | Reached skill level 1 in Stealth
  6880 | D:8      | Found a runed translucent gate.
  6880 | D:8      | Found a runed translucent gate.
  6922 | D:8      | Found a runed translucent gate.
  7006 | D:8      | Found a hazy altar of Hepliaklqana.
  7036 | D:8      | Found a stormy altar of Qazlal.
  7135 | D:8      | Reached skill level 10 in Axes
  7308 | D:8      | Found the +3 warlock's mirror {reflect}
  7309 | D:8      | Noticed a gargoyle
  7316 | D:8      | Noticed a white ugly thing
  7327 | D:8      | Killed a white ugly thing
  7331 | D:8      | Noticed a deep elf mage
  7492 | D:8      | Noticed kthxbai's ghost (novice SpEn)
  7514 | D:8      | Killed kthxbai's ghost
  7592 | D:8      | Reached XP level 10. HP: 88/88 MP: 9/9
  7679 | D:9      | Reached skill level 11 in Axes
  7679 | D:9      | Noticed Maggie
  7703 | D:9      | Killed Maggie
  8087 | D:9      | Reached skill level 12 in Axes
  8147 | D:9      | Found a shattered altar of Ashenzari.
  8214 | D:9      | Reached ***** piety under Trog
  8352 | D:9      | Noticed a two-headed ogre
  8361 | D:9      | Killed a two-headed ogre
  8792 | D:10     | Entered Level 10 of the Dungeon
  8822 | D:10     | Noticed a two-headed ogre
  8831 | D:10     | Killed a two-headed ogre
  8831 | D:10     | Reached skill level 13 in Axes
  8831 | D:10     | Reached skill level 10 in Armour
  8831 | D:10     | Reached XP level 11. HP: 49/95 MP: 10/10
  9117 | D:10     | Noticed Urug
  9131 | D:10     | Killed Urug
  9245 | D:10     | Noticed Fannar
  9263 | D:10     | Killed Fannar
  9670 | D:10     | Found Loerr's Antique Armour Shop.
  9673 | D:10     | Bought a brightly glowing chain mail for 285 gold pieces
  9673 | D:10     | Bought a pair of jewelled gloves for 285 gold pieces
  9684 | D:10     | Identified the +5 chain mail of Maomn {rC+} (You bought it
                  | in a shop on level 10 of the Dungeon)
  9694 | D:10     | Identified the +2 pair of gloves of Dishonesty {rF- rN++}
                  | (You bought it in a shop on level 10 of the Dungeon)
  9856 | D:11     | Noticed Erica
  9857 | D:11     | Noticed a sixfirhy
  9858 | D:11     | Noticed a soul eater
  9870 | D:11     | Killed Erica
  9872 | D:11     | Reached skill level 14 in Axes
  9873 | D:11     | Received a gift from Trog
  9873 | D:11     | Reached skill level 5 in Dodging
 10124 | D:11     | Noticed a deep elf mage
 10131 | D:11     | Killed a deep elf mage
 10285 | D:11     | Noticed Sonja
 10347 | D:11     | Killed Sonja
 10515 | D:11     | Noticed Snorg
 10525 | D:11     | Killed Snorg
 10525 | D:11     | Reached XP level 12. HP: 70/106 MP: 11/11
 10754 | D:11     | Got a brightly glowing mace
 10755 | D:11     | Identified the +2 mace of Julaeczi {holy, rF- Dex+6} (You
                  | found it on level 11 of the Dungeon)
 10854 | D:11     | Noticed a vault guard
 10864 | D:11     | Killed a vault guard
 10864 | D:11     | Reached skill level 10 in Fighting
 10869 | D:11     | Found a portal to a secret trove of treasure.
 11040 | D:11     | Found a staircase to the Orcish Mines.
 11172 | D:12     | Noticed Maurice
 11181 | D:12     | Killed Maurice
 11186 | D:12     | Reached skill level 15 in Axes
 11215 | D:12     | Noticed a six-headed hydra
 11225 | D:12     | Killed a two-headed hydra
 11235 | D:12     | Reached skill level 10 in Shields
 11342 | D:12     | Noticed a four-headed hydra
 11351 | D:12     | Killed a three-headed hydra
 11356 | D:12     | Noticed Jorgrun
 11370 | D:12     | HP: 6/160 [Jorgrun/+0 vorpal quarterstaff (8)]
 11374 | D:12     | Killed from afar by Jorgrun

Illustrated notes

Levels and vault maps discovered:
D:1:      minmay_arrival_four_houses, layout_rooms, nemelex_diamond_rough_becter
D:2:      wad_woods_tower, layout_basic, nicolae_overflow_hidden_temple,
          first_ration, minmay_quadrilaterals
D:3:      layout_basic
D:4:      layout_basic
D:5:      minmay_angry_zag, layout_rooms, gammafunk_temple_overflow_elements,
          minmay_strange_pillars, kennysheep_boxes
D:6:      minmay_chambers_of_sixes, layout_basic,
          minmay_temple_entry_steel_oval, serial_shops,
          nicolae_shop_window_shopping, uniq_menkaure
D:7:      minmay_spotlight, layout_loops_cross, the_bakery,
          kennysheep_big_empty_room, serial_bayou_pond_b, uniq_duvessa
D:8:      layout_basic, kennysheep_little_box, lemuel_crystal_altar,
          lair_entry_dummy, gammafunk_ghost_necromancy, hangedman_decor_growths,
          minivault_12
D:9:      layout_basic, lemuel_coloured_pillars_altar, uniq_maggie
D:10:     layout_irregular_city, serial_shops, kennysheep_mini, uniq_urug,
          uniq_fannar
D:11:     layout_loops_cross, orc_0_dummy, enter_trove_5, uniq_snorg,
          uniq_erica, uniq_sonja
D:12:     layout_cave_pools, uniq_maurice, uniq_jorgrun, uniq_erolcha

Skill      XL: |  1  2  3  4  5  6  7  8  9 10 11 12 |
---------------+-------------------------------------+-----
Axes           | 4 5 6 7 9 10 13 14 15 | 15.3
Fighting       | 4 5 6 7 8 9 10 | 10.4
Armour         | 3 4 5 6 8 10 11 | 11.7
Shields        | 1 3 4 5 7 8 9 10 | 10.1
Dodging        | 3 4 5 |  5.4
Stealth        | 1 |  1.9

Action                   |  1- 3 |  4- 6 |  7- 9 | 10-12 || total
-------------------------+-------+-------+-------+-------++-------
Melee: Hand axe          |    83 |   134 |   206 |       ||   423
       Headbutt          |    20 |    32 |    62 |    79 ||   193
       War axe           |       |       |    53 |   313 ||   366
Invok: Berserk           |       |       |     3 |     9 ||    12
       Trog's Hand       |       |       |     1 |     3 ||     4
       Brothers in Arms  |       |       |       |     8 ||     8
  Use: Scroll            |       |       |     4 |     1 ||     5
 Stab: Distracted        |       |       |       |     1 ||     1
  Eat: Chunk             |     2 |     7 |    11 |    18 ||    38
       Ration            |       |       |     1 |     2 ||     3
Armor: Animal skin       |     4 |       |       |       ||     4
       Ring mail         |     9 |    28 |    50 |       ||    87
       Chain mail        |       |       |    36 |   103 ||   139
Dodge: Dodged            |    49 |    25 |    83 |    71 ||   228
Block: Tower shield      |     2 |    78 |       |       ||    80
       Kite shield       |       |       |   123 |   156 ||   279
